 Dungeon Crawl Stone Soup version bcrawl-1.18.1 (webtiles) character file.

Game seed: 3391603976694952910

1582 JackS81 the Basher (level 8, -4/70 HPs)
             Began as a Minotaur Sloth Apostle on Nov 3, 2019.
             Was an Elder of Cheibriados.
             Slain by Pikel
             ... wielding a +0 whip of electrocution
              (5 damage)
             ... on level 5 of the Dungeon on Nov 4, 2019.
             The game lasted 00:21:26 (4288 turns).

JackS81 the Basher (Minotaur Sloth Apostle)         Turns: 4288, Time: 00:21:26

Health: -4/70      AC:  4    Str: 31    XL:     8   Next: 60%
Magic:  8/8        EV: 12    Int: 19    God:    Cheibriados [****..]
Gold:   267        SH: 12    Dex: 23    Spells: 8/9 levels left

rFire    . . .     SeeInvis .   n - +2 flail (crush)
rCold    . . .     Gourm    .   c - +0 shield
rNeg     . . .     Faith    +   o - +0 leather armour
rPois    .         Spirit   .   (helmet restricted)
rElec    .         Reflect  .   z - +0 cloak
rCorr    .         Harm     .   (no gloves)
MR       .....     Clarity  +   (no boots)
Stlth    ++........             t - amulet of faith
HPRegen  0.21/turn              (no ring)
MPRegen  0.11/turn              (no ring)

@: mighty, very slow
A: retaliatory headbutt, hooves 1, horns 2, clarity, sense surroundings 1
a: Bend Time, Temporal Distortion, Slouch, Renounce Religion


You were on level 5 of the Dungeon.
You worshipped Cheibriados.
Cheibriados was greatly pleased with you.
You were not hungry.

You visited 1 branch of the dungeon, and saw 5 of its levels.

You collected 267 gold pieces.

Inventory:

Hand Weapons
 a - a +0 mace
 j - a +1 spear of flaming
 l - the +10 sword of Jihad {holy, *Rage rN+ EV+3}
   (You found it on level 4 of the Dungeon)

   It has been blessed by the Shining One to cause great damage to the undead
   and demons.
   It affects your evasion (+3).
   It protects you from negative energy.
   It may make you go berserk in combat.
 n - a +2 flail of crushing (weapon)
 u - a +0 hunting sling
 w - a cursed -2 short sword
 A - a +2 whip of holy wrath
Missiles
 e - 90 arrows
 i - 117 silver javelins
 v - 835 stones (quivered)
Armour
 c - a +0 shield (worn)
 h - a +0 ring mail
 o - a +0 leather armour (worn)
 z - a +0 cloak (worn)
Jewellery
 t - an amulet of faith (around neck)
Wands
 d - a wand of paralysis (10)
 y - a wand of disintegration (1)
 D - a wand of iceblast (8)
Scrolls
 g - 2 scrolls of enchant armour {unknown}
 k - a scroll of fear {unknown}
 m - 2 scrolls of remove curse {unknown}
 p - 2 scrolls of teleportation {unknown}
 r - a scroll of enchant weapon {unknown}
 s - 3 scrolls of immolation {unknown}
 E - a scroll of magic mapping {unknown}
Potions
 b - a potion of magic
 q - a potion of mutation
 B - a potion of berserk rage
Comestibles
 f - 10 rations {!d}
 C - 6 chunks of flesh


   Skills:
 + Level 5.7 Fighting
 - Level 10.0 Maces & Flails
 * Level 3.6 Armour
 * Level 2.9 Dodging
 - Level 2.9 Stealth
 * Level 4.7 Shields
 - Level 1.0 Spellcasting
 - Level 0.5 Hexes
 - Level 0.8 Evocations


You had 8 spell levels left.
You knew the following spells:

 Your Spells              Type           Power        Failure   Level  Hunger
a - Slow                  Hex            #.......     54%         1    ##.....
Your spell library was empty.

Dungeon Overview and Level Annotations

Branches:
Dungeon (5/12)
 Temple: D:4-7

Altars:
Ashenzari
Fedhas
Kikubaaqudgha
Wu Jian
Zin

Annotations:
D:5 Pikel


Innate Abilities, Weirdness & Mutations

You reflexively headbutt those who attack you in melee.
You have a pair of horns on your head.
You have large cloven feet.
You possess an exceptional clarity of mind.
You passively map a small area around you.


Message History

You destroy the quokka zombie!
Cheibriados appreciates the change of pace.
The slave misses you. You furiously retaliate!
You headbutt the slave. Pikel misses you. You furiously retaliate!
You headbutt Pikel, but do no damage.
Really quaff the potion of berserk rage?
This action would place you under penance!
Okay, then.
You feel very mighty all of a sudden. You block Pikel's attack.
The slave hits you!
* * * LOW HITPOINT WARNING * * *
The slave hits you but does no damage. The slave hits you.
* * * LOW HITPOINT WARNING * * *
The worker ant closely misses you.
You hit Pikel. You kick Pikel!
Pikel is severely wounded.
You block Pikel's attack. You block the slave's attack. The slave hits you.
* * * LOW HITPOINT WARNING * * *
You block the worker ant's attack. The slave barely misses you.
Pikel hits you with a +0 whip of electrocution.
You die...

, ............. * , .............
, , *, ............ * ,
*####.........(. ,,
............$.. #..J......
...p...._....$, #.gog....##
*#pKps....%..## .o........#
*#@p.........##*#. ..........#
#.a.........% ..). ...oo.....#
#..........####... ..........#
#................. ...).Z....#
*#...#......# ... #...<....#**
#...#......##### #.
#............................###.
..........(........###..<###.....
..........#..#......##...###.....


You could see Pikel (berserk), 4 slaves, a scorpion and a worker ant.

Vanquished Creatures
  Grinder (D:3)
  Eustachio (D:4)
  Sigmund (D:4)
  A sky beast (D:4)
  2 ogres
  2 scorpions
  A howler monkey (D:5)
  3 crimson imps
  A bullfrog zombie (D:5)
  Crazy Yiuf (D:4)
  An orc priest (D:2)
  3 orc wizards
  7 worker ants
  2 hound zombies (D:5)
  Robin (D:1)
  A howler monkey zombie (D:5)
  3 gnolls (D:5)
  3 adders
  An adder skeleton (D:4)
  7 worms
  A dart slug (D:2)
  4 leopard geckos
  27 orcs
  4 giant cockroaches
  10 goblins
  13 hobgoblins
  4 quokkas
  A ball python (D:1)
  4 bats
  A frilled lizard (D:2)
  A jackal skeleton (D:4)
  15 kobolds
  A quokka zombie (D:5)
  2 rats (D:2)
131 creatures vanquished.

Notes
Turn   | Place    | Note
-------+----------+-------------------------------------------
     0 | D:1      | JackS81 the Minotaur Sloth Apostle began the quest for the
                  | Orb.
     0 | D:1      | Reached XP level 1. HP: 18/18 MP: 1/1
   302 | D:1      | Reached XP level 2. HP: 16/25 MP: 2/2
   929 | D:2      | Reached skill level 3 in Maces & Flails
   946 | D:2      | Gained mutation: You have large cloven feet. [potion of
                  | mutation]
   946 | D:2      | Gained mutation: You possess an exceptional clarity of
                  | mind. [potion of mutation]
   946 | D:2      | Gained mutation: You passively map a small area around you.
                  | [potion of mutation]
   957 | D:2      | Noticed Robin
   983 | D:2      | Reached XP level 3. HP: 31/31 MP: 3/3
  1136 | D:2      | Reached XP level 4. HP: 32/39 MP: 4/4
  1149 | D:1      | Reached * piety under Cheibriados
  1161 | D:1      | Killed Robin
  1349 | D:2      | Reached skill level 4 in Maces & Flails
  1457 | D:2      | Reached ** piety under Cheibriados
  1457 | D:2      | Reached XP level 5. HP: 33/46 MP: 5/5
  1922 | D:3      | Noticed an ogre
  2096 | D:3      | Killed an ogre
  2096 | D:3      | Reached skill level 5 in Maces & Flails
  2096 | D:3      | Reached skill level 1 in Armour
  2096 | D:3      | Reached skill level 1 in Dodging
  2096 | D:3      | Reached XP level 6. HP: 53/53 MP: 6/6
  2101 | D:3      | Found a shattered altar of Ashenzari.
  2268 | D:3      | Reached *** piety under Cheibriados
  2551 | D:3      | Noticed Grinder
  2556 | D:3      | Killed Grinder
  2556 | D:3      | Reached skill level 6 in Maces & Flails
  2556 | D:3      | Reached XP level 7. HP: 54/60 MP: 7/7
  2676 | D:4      | Upgraded the game from bcrawl-1.18 to bcrawl-1.18.1
  2850 | D:4      | Noticed Eustachio
  2862 | D:4      | Killed Eustachio
  2862 | D:4      | Reached skill level 5 in Fighting
  2862 | D:4      | Reached skill level 7 in Maces & Flails
  2883 | D:4      | Reached skill level 8 in Maces & Flails
  2956 | D:4      | Reached **** piety under Cheibriados
  2990 | D:4      | Found an ornate altar of the Wu Jian Council.
  3081 | D:4      | Found a runed door.
  3085 | D:4      | Noticed Crazy Yiuf
  3091 | D:4      | Killed Crazy Yiuf
  3091 | D:4      | Reached XP level 8. HP: 16/68 MP: 8/8
  3634 | D:4      | Noticed Sigmund
  3637 | D:4      | Found the +10 sword of Jihad {holy, *Rage rN+ EV+3}
  3638 | D:4      | Killed Sigmund
  3638 | D:4      | Reached skill level 9 in Maces & Flails
  3640 | D:4      | Found a blossoming altar of Fedhas.
  3641 | D:4      | Found an ancient bone altar of Kikubaaqudgha.
  3932 | D:5      | Entered Level 5 of the Dungeon
  4243 | D:5      | Reached skill level 10 in Maces & Flails
  4263 | D:5      | Found a glowing silver altar of Zin.
  4278 | D:5      | Noticed Pikel
  4288 | D:5      | HP: 1/70 [slave[Pikel] (5)]
  4288 | D:5      | Slain by Pikel

Skill      XL: |  1  2  3  4  5  6  7  8 |
---------------+-------------------------+-----
Maces & Flails | 3 4 5 6 8 10 | 10.0
Fighting       | 3 4 5 |  5.7
Shields        | 3 4 |  4.7
Armour         | 1 2 3 |  3.6
Dodging        | 1 2 |  2.9
Stealth        | |  2.9
Spellcasting   | |  1.0
Hexes          | |  0.5
Evocations     | |  0.8

Action                   |  1- 3 |  4- 6 |  7- 9 || total
-------------------------+-------+-------+-------++-------
Melee: Mace              |    50 |    97 |       ||   147
       Headbutt          |     7 |    27 |    24 ||    58
       Kick              |     3 |    36 |    40 ||    79
       Flail             |       |    25 |    97 ||   122
Throw: Javelin           |       |       |     2 ||     2
       Stone             |       |       |     2 ||     2
  Use: Potion            |     3 |     3 |     4 ||    10
       Scroll            |       |     3 |       ||     3
 Stab: Sleeping          |     2 |     5 |     3 ||    10
       Invisible         |       |     3 |       ||     3
       Distracted        |       |     1 |     1 ||     2
  Eat: Chunk             |     1 |     3 |     2 ||     6
Armor: Robe              |    10 |     7 |       ||    17
       Leather armour    |       |     8 |     8 ||    16
Dodge: Dodged            |    23 |    49 |    30 ||   102
Block: Shield            |    28 |    60 |    43 ||   131
